 Dungeon Sprint DCSS version 0.29.1-15-g9cfb28693d (webtiles) character file.

Game seed: 9644797956567146682

3830 GigaChad the Peltast (level 10, -5/81 (86) HPs)
             Began as a Formicid Fighter on Mar 30, 2023.
             Was a High Priest of Okawaru.
             Killed from afar by a deep elf death mage (8 damage)
             ... with a bolt of negative energy
             ... in the Dungeon (Sprint V: "Ziggurat Sprint").
             The game lasted 00:03:11 (580 turns).

GigaChad the Peltast (Formicid Fighter)              Turns: 580, Time: 00:03:12

HP:   -5/81 (86)    AC: 23    Str: 38    XL:     10   Next: 40%
MP:   10/10         EV:  1    Int:  7    God:    Okawaru [*****.]
Gold: 0             SH: 31    Dex: 13    Spells: 9/9 levels left

rFire   + . .      SeeInvis +   w - +10 dark maul {vorpal}
rCold   + . .      Faith    .   z - +18 shield of the Gong {rElec rN+ Will+ EV-5}
rNeg    + . .      Spirit   .   i - +5 gold dragon scales
rPois   +          Reflect  .   (helmet unavailable)
rElec   +          Harm     .   (no cloak)
rCorr   .          Rampage  .   (no gloves)
Will    ++...                   (no boots)
Stlth   ..........              (no amulet)
HPRegen 0.23/turn               r - +6 ring of strength
MPRegen 0.12/turn               s - +6 ring of strength

@: studying Evocations, drained
A: permanent stasis, dig shafts and tunnels, antennae 3, four strong arms
a: Dig, Renounce Religion, Heroism, Finesse


You were in the Dungeon.
You worshipped Okawaru.
Okawaru was extremely pleased with you.
You visited 1 branch

Inventory:

Hand Weapons
 a - a +0 war axe
 k - a +5 executioner's axe
 w - the +10 dark maul (weapon) {vorpal}
   (You found it in the Dungeon)

   It inflicts extra damage upon your enemies.
 x - the +14 obsidian axe {vorpal, Mesm Drain Fly SInv}
   (You found it in the Dungeon)

   It inflicts extra damage upon your enemies.
   It occasionally summons demons to assist the wielder when it strikes in
   combat.
   Its wielder is mesmerised by any visible foes.
   It cannot be unequipped while any foes are visible.
   SInv:      It lets you see invisible.
   Fly:       It grants you flight.
   Drain:     It drains your maximum health when unequipped.
 M - the +4 great sword of Internal Strife {vorpal, rC++ Dex+3}
   (You found it in the Dungeon)

   It inflicts extra damage upon your enemies.
   Dex:       It affects your dexterity (+3).
   rC:        It greatly protects you from cold.
Armour
 b - a +0 scale mail
 c - a +0 buckler
 h - a +5 crystal plate armour
 i - +5 gold dragon scales (worn)
 j - a +3 tower shield
 y - the +15 Maxwell's patent armour {-Cast -Tele rElec Will+ rCorr}
   (You found it in the Dungeon)

   rElec:     It insulates you from electricity.
   -Cast:     It prevents spellcasting.
   -Tele:     It prevents most forms of teleportation.
   rCorr:     It protects you from acid and corrosion.
   Will:      It increases your willpower.
 z - the +18 shield of the Gong (worn) {rElec rN+ Will+ EV-5}
   (You found it in the Dungeon)

   It is deafeningly noisy when blocking attacks.
   EV:        It affects your evasion (-5).
   rElec:     It insulates you from electricity.
   rN:        It protects you from negative energy.
   Will:      It increases your willpower.
Jewellery
 m - a ring of flight
 n - a +6 ring of dexterity
 o - a +6 ring of dexterity
 p - a +6 ring of intelligence
 q - a +6 ring of intelligence
 r - a +6 ring of strength (left hand)
 s - a +6 ring of strength (right hand)
Wands
 t - a wand of mindburst (7)
 u - a wand of iceblast (7)
 v - a wand of quicksilver (7)
Scrolls
 A - 4 scrolls of amnesia
 B - 5 scrolls of identify
 C - 2 scrolls of fear
 J - a scroll of brand weapon
Potions
 d - 6 potions of might
 e - 10 potions of curing
 f - 10 potions of heal wounds
 g - 7 potions of magic
 D - 2 potions of brilliance
 E - 2 potions of invisibility
 F - 4 potions of resistance
Miscellaneous
 l - a lightning rod (4/4)
 G - a box of beasts
 H - a tin of tremorstones (2/2)
 I - a lightning rod (4/4)
 K - a phantom mirror
 L - a box of beasts
 N - a lightning rod (4/4)


   Skills:
 + Level 10.9 Fighting
 + Level 5.3(10.3) Axes
 * Level 13.5(14.0) Maces & Flails
 + Level 11.4 Armour
 + Level 16.3 Shields


You had 9 spell levels left.
You didn't know any spells.
Your spell library contained the following spells:

 Spells                   Type           Power      Damage    Failure   Level
 Sandblast                Erth           0%         2d4       100%        1
 Anguish                  Hex/Necr       0%         N/A       100%        4
 Iron Shot                Conj/Erth      0%         9d1       100%        6
 Enfeeble                 Hex            0%         N/A       100%        7
 Chain Lightning          Conj/Air       0%         N/A       100%        9


Dungeon Overview and Level Annotations

Branches:
Dungeon (1/1)

Altars:
Ashenzari
Cheibriados
Dithmenos
Elyvilon
Fedhas
Gozag
Hepliaklqana
Kikubaaqudgha
Makhleb
Nemelex Xobeh
Okawaru
Qazlal
Ru
Sif Muna
Trog
Uskayaw
Vehumet
Wu Jian
Xom
Yredelemnul
Zin
The Shining One
Jiyva
Lugonu

Annotations:
D 1 transporter


Innate Abilities, Weirdness & Mutations

You cannot be hasted, slowed, berserked, paralysed or teleported.
You can dig through walls and to a lower floor.
You have a pair of large antennae on your head. (SInv)
Your four strong arms can wield two-handed weapons with a shield.


Message History

The deep elf zephyrmancer points at you and mumbles some strange words.
The bolt of lightning hits you. You resist.
The deep elf knight points at you and mumbles some strange words.
The lance of force hits you!
You are knocked back by the lance of force.
You slam into the unnaturally hard rock wall!
The deep elf archer unwields a +0 dagger.
The deep elf archer wields a +0 shortbow.
The deep elf archer shoots an arrow.
The arrow hits you!
* * * LOW HITPOINT WARNING * * *
Your Shields skill increases to level 16!
You are too injured to fight recklessly!
Unknown command.
You are too injured to fight recklessly!
Unknown command.
You are too injured to fight recklessly!
Unknown command.
You are too injured to fight recklessly!
Unknown command.
The deep elf death mage gestures at you while chanting.
The bolt of negative energy hits you! You partially resist.
You feel drained.
* * * LOW HITPOINT WARNING * * *
The deep elf archer gestures at you while chanting.
You resist with almost no effort.
The deep elf archer casts a spell.
The deep elf archer blinks!
You are too injured to fight recklessly!
Unknown command.
Unknown command.
You are too injured to fight recklessly!
You are too injured to fight recklessly!
Unknown command.
The deep elf death mage hits you with a +0 long sword.
* * * LOW HITPOINT WARNING * * *
You block the deep elf knight's attack.
BONNNG!
You miss the deep elf knight.
The deep elf death mage gestures at you while chanting.
The bolt of negative energy hits you! You partially resist.
You feel drained.
You die... ▓.▓....▓.▓.▓.)..▓.▓ ▓...©....▓...©....▓ ▓▓▓▓▓▓▓▓▓▓▓▓▓▓▓▓▓▓▓ ▓..8©8..▓ {{{{

▓..|[)..▓
{{{
▓..::|e.▓
▓.......▓
▓...§ee.▓
▓..).e@.▓
▓....e..▓
▓.......▓
▓...©...▓
▓▓▓▓▓▓▓▓▓
{{{ {{{


You could see a deep elf death mage, 2 deep elf archers, a deep elf knight
(invisible) and a deep elf zephyrmancer.

Vanquished Creatures
  A death cob (D)
  A deep elf knight (D)
  4 draconians (D)
  A tarantella (D)
  2 hell hounds (D)
  4 scorpions (D)
  2 necrophages (D)
  2 ufetubi (D)
  A bat skeleton (D)
  A quokka skeleton (D)
19 creatures vanquished.

Notes
Turn   | Place    | Note
-------+----------+-------------------------------------------
     0 | D        | GigaChad the Formicid Fighter began the quest for the Orb.
     0 | D        | Reached XP level 1. HP: 18/18 MP: 1/1
    13 | D        | Found a blossoming altar of Fedhas.
    13 | D        | Found the +6 Majin-Bo {vamp, MP+6 Int+6}
    13 | D        | Found the +9 heavy crossbow "Sniper" {vorpal, Acc+∞ SInv}
    13 | D        | Found the +10 dark maul {vorpal}
    13 | D        | Found the +15 Maxwell's patent armour {-Cast -Tele rElec
                  | Will+ rCorr}
    13 | D        | Found the +18 shield of the Gong {rElec rN+ Will+ EV-5}
    13 | D        | Found the +14 obsidian axe {vorpal, Mesm Drain Fly SInv}
    13 | D        | Found the +7 great mace "Firestarter" {inner flame, rF++}
    13 | D        | Found the +6 shillelagh "Devastator" {shatter}
    13 | D        | Found the +11 plutonium sword {Contam Stlth-}
    13 | D        | Found the +8 lance "Wyrmbane" {slay drac, rPois rF+ rC+
                  | AC+3}
    13 | D        | Found the +9 sword of Zonguldrok {reap}
    13 | D        | Found the +13 scythe of Curses {drain, Drain}
    13 | D        | Found the +5 sword of Power {vorpal}
    13 | D        | Found the +7 mace of Variability {chain chaos}
    13 | D        | Found the +7 Singing Sword {vorpal, sonic wave}
    13 | D        | Found the +8 storm bow {elec, penet}
    15 | D        | Found a viscous altar of Jiyva.
    15 | D        | Found a hazy altar of Hepliaklqana.
    15 | D        | Found a transporter.
    15 | D        | Found an opulent altar of Gozag.
    15 | D        | Found an ancient bone altar of Kikubaaqudgha.
    15 | D        | Found a corrupted altar of Lugonu.
    22 | D        | Found a burning altar of Makhleb.
    23 | D        | Found a stormy altar of Qazlal.
    23 | D        | Found a sacrificial altar of Ru.
    23 | D        | Found an iron altar of Okawaru.
    23 | D        | Found a shimmering blue altar of Sif Muna.
    23 | D        | Found a sparkling altar of Nemelex Xobeh.
    23 | D        | Found a bloodstained altar of Trog.
    42 | D        | Became a worshipper of Warmaster Okawaru
    79 | D        | Reached skill level 5 in Fighting
    79 | D        | Reached skill level 5 in Armour
    79 | D        | Reached skill level 6 in Shields
    79 | D        | Reached XP level 2. HP: 27/27 MP: 2/2
    88 | D        | Entered arena 2.
    88 | D        | Noticed a scorpion
    88 | D        | Noticed a scorpion
    88 | D        | Found a transporter.
    91 | D        | Killed a scorpion
    92 | D        | Reached skill level 7 in Shields
    92 | D        | Reached XP level 3. HP: 34/34 MP: 3/3
    92 | D        | Reached XP level 4. HP: 40/40 MP: 4/4
    92 | D        | Killed a scorpion
    92 | D        | Reached * piety under Okawaru
    93 | D        | Reached skill level 1 in Maces & Flails
    93 | D        | Reached skill level 8 in Shields
    93 | D        | Reached XP level 5. HP: 48/48 MP: 5/5
   102 | D        | Entered arena 3.
   102 | D        | Noticed a tarantella
   102 | D        | Found a transporter.
   104 | D        | Killed a tarantella
   105 | D        | Reached skill level 5 in Axes
   105 | D        | Reached skill level 10 in Shields
   105 | D        | Reached XP level 6. HP: 57/57 MP: 6/6
   105 | D        | Reached ** piety under Okawaru
   106 | D        | Reached XP level 7. HP: 63/63 MP: 7/7
   107 | D        | Reached skill level 11 in Shields
   118 | D        | Entered arena 4.
   118 | D        | Found a transporter.
   125 | D        | Reached skill level 5 in Maces & Flails
   137 | D        | Entered arena 5.
   137 | D        | Noticed a hell hound
   137 | D        | Noticed a hell hound
   137 | D        | Found a transporter.
   142 | D        | Killed a hell hound
   144 | D        | Killed a hell hound
   144 | D        | Reached *** piety under Okawaru
   145 | D        | Reached skill level 12 in Shields
   145 | D        | Reached XP level 8. HP: 43/71 MP: 8/8
   287 | D        | Got the Directory of the Flinty Birds
   296 | D        | Entered arena 6.
   296 | D        | Noticed a draconian
   296 | D        | Noticed a draconian
   296 | D        | Noticed a death cob
   296 | D        | Noticed a draconian
   296 | D        | Noticed a draconian
   296 | D        | Found a transporter.
   298 | D        | Killed a death cob
   298 | D        | Reached **** piety under Okawaru
   298 | D        | Received a gift from Okawaru
   298 | D        | Reached ***** piety under Okawaru
   299 | D        | Reached skill level 10 in Fighting
   299 | D        | Reached skill level 10 in Maces & Flails
   299 | D        | Reached skill level 10 in Armour
   299 | D        | Reached skill level 14 in Shields
   299 | D        | Reached XP level 9. HP: 70/78 MP: 9/9
   300 | D        | Killed a draconian
   301 | D        | Killed a draconian
   301 | D        | Received a gift from Okawaru
   302 | D        | Reached skill level 15 in Shields
   306 | D        | Killed a draconian
   307 | D        | Reached XP level 10. HP: 50/86 MP: 10/10
   314 | D        | Killed a draconian
   568 | D        | Got the +4 great sword of Internal Strife {vorpal, rC++
                  | Dex+3}
   573 | D        | Entered arena 7.
   573 | D        | Noticed a deep elf zephyrmancer
   573 | D        | Noticed a deep elf death mage
   573 | D        | Noticed a deep elf archer
   573 | D        | Noticed a deep elf knight
   573 | D        | Noticed a deep elf knight
   573 | D        | Noticed a deep elf archer
   574 | D        | Found a transporter.
   577 | D        | Killed a deep elf knight
   578 | D        | Reached skill level 16 in Shields
   579 | D        | HP: 3/83 [deep elf death mage/+0 long sword (4)]
   580 | D        | Killed from afar by a deep elf death mage

Illustrated notes

Levels and vault maps discovered:
D:        sprint_v [room_start, room_1, room_2, room_3, room_4, room_5, room_6,
          room_7, room_8, room_9, room_10, room_11, room_12, room_13, room_14,
          room_15, room_16, room_17, room_18, room_19, room_20, room_21,
          room_22, room_23, room_24, room_25, room_26, room_27]

Skill      XL: |  1  2  3  4  5  6  7  8  9 10 |
---------------+-------------------------------+-----
Fighting       | 5 6 7 8 9 10 | 10.9
Axes           | 4 5 |  5.3
Armour         | 5 6 8 9 10 11 | 11.4
Shields        | 6 7 8 10 12 14 15 16 | 16.3
Maces & Flails | 1 3 4 7 10 12 13 | 13.5

Action                   |  1- 3 |  4- 6 |  7- 9 | 10-12 || total
-------------------------+-------+-------+-------+-------++-------
Melee: Maul              |     2 |     3 |    25 |     9 ||    39
 Abil: Dig               |       |       |       |     1 ||     1
  Use: Potion            |     1 |       |       |       ||     1
Armor: Gold dragon scale |     6 |     3 |   117 |     4 ||   130
Dodge: Dodged            |       |       |     2 |       ||     2
Block: Kite shield       |     7 |     6 |    81 |    12 ||   106
